| TOP OF THE 1ST |
|
Los Angeles (NYP) Angels batting - Pitching for Vermont Lake Monsters : LHP Kevin Clark
|
|
Pitching: LHP Kevin Clark
|
|
|
Batting: LHB Dave Hicks
|
0-0: Swinging Strike 0-1: Foul Ball, location: 2F 0-2: Foul Ball, location: 2F 0-2: Ground out 6-3 (Groundball, 6, EV 87.5 MPH)
|
|
Batting: LHB Alberto Carrillo
|
0-0: Called Strike 0-1: Ball 1-1: SINGLE (Groundball, 6D, EV 95.0 MPH)
|
|
Batting: RHB T.J. Gray
|
0-0: Called Strike 0-1: Ball 1-1: Called Strike Alberto Carrillo steals 2nd base 1-2: Foul Ball, location: 2F 1-2: Strikes out swinging
|
|
Batting: LHB Mario Anguiano
|
0-0: Called Strike 0-1: Foul Ball, location: 2F 0-2: Ball 1-2: Fly out, F9 (Line Drive, 89M, EV 88.1 MPH)
|
| Top of the 1st over - 0 runs, 1 hit, 0 errors, 1 left on base; Los Angeles (NYP) 0 - Vermont 0 |
| BOTTOM OF THE 1ST |
|
Vermont Lake Monsters batting - Pitching for Los Angeles (NYP) Angels : RHP Jeff Shelton
|
|
Pitching: RHP Jeff Shelton
|
|
|
Batting: RHB Carlos Martinez
|
0-0: Foul Ball, location: 2F 0-1: Ball 1-1: Ball 2-1: Ball 3-1: Base on Balls
|
|
Batting: RHB Manny Moron
|
0-0: Ball Carlos Martinez is caught stealing 2nd base 2-4 1-0: Ball 2-0: Called Strike 2-1: Ball 3-1: Foul Ball, location: 2F 3-2: Ground out 6-3 (Groundball, 6M, EV 86.9 MPH)
|
|
Batting: LHB Cy Ostrowski
|
0-0: Ball 1-0: Ball 2-0: Ball 3-0: Base on Balls
|
|
Batting: RHB Manny Vizzerra
|
Pickoff Throw to First - Out! 1-3
|
| Bottom of the 1st over - 0 runs, 0 hits, 0 errors, 0 left on base; Los Angeles (NYP) 0 - Vermont 0 |
| TOP OF THE 2ND |
|
Los Angeles (NYP) Angels batting - Pitching for Vermont Lake Monsters : LHP Kevin Clark
|
|
Batting: RHB Josh Faulconer
|
0-0: Foul Ball, location: 2F 0-1: Foul Ball, location: 2F 0-2: Ball 1-2: Fly out, F9 (Flyball, 9D, EV 108.1 MPH)
|
|
Batting: LHB Mutsuo IIda
|
0-0: Swinging Strike 0-1: Ball 1-1: Swinging Strike 1-2: Foul Ball, location: 2F 1-2: TRIPLE (Flyball, 78XD, EV 92.5 MPH)
|
|
Batting: RHB Dan Burkhart
|
0-0: Ball 1-0: Ball 2-0: Ball 3-0: Called Strike 3-1: Called Strike 3-2: Foul Ball, location: 2F 3-2: Base on Balls
|
|
Batting: RHB J.R. Roberts
|
0-0: Foul Ball, location: 2F 0-1: Foul Ball, location: 2F 0-2: Foul Ball, location: 2F 0-2: Ball 1-2: Ground out 4-3 (Groundball, 34S, EV 67.5 MPH) Mutsuo IIda scores Dan Burkhart to second
|
|
Batting: RHB Areda Obote
|
0-0: Ball 1-0: Ball 2-0: Ball 3-0: Base on Balls
|
|
Batting: LHB Dave Hicks
|
0-0: Called Strike 0-1: Ball 1-1: Ball 2-1: SINGLE (Groundball, 4MD, EV 98.8 MPH) Dan Burkhart to third Areda Obote to second Runner from 3rd tries for Home, SAFE, throw by CF to home
|
|
Batting: LHB Alberto Carrillo
|
0-0: Called Strike 0-1: Ball 1-1: Swinging Strike 1-2: Strikes out looking
|
| Top of the 2nd over - 2 runs, 2 hits, 0 errors, 2 left on base; Los Angeles (NYP) 2 - Vermont 0 |
| BOTTOM OF THE 2ND |
|
Vermont Lake Monsters batting - Pitching for Los Angeles (NYP) Angels : RHP Jeff Shelton
|
|
Batting: RHB Manny Vizzerra
|
0-0: Ball 1-0: Foul Ball, location: 2F 1-1: Ball 2-1: Foul Ball, location: 2F 2-2: Foul Ball, location: 2F 2-2: Ball 3-2: Base on Balls
|
|
Batting: RHB Edgar Landim
|
0-0: Foul Ball, location: 2F 0-1: Foul Ball, location: 2F 0-2: Foul Ball, location: 2F 0-2: Ball 1-2: Foul Ball, location: 2F 1-2: Foul Ball, location: 2F 1-2: Strikes out swinging
|
|
Batting: RHB Bastiaan Leenders
|
0-0: Called Strike 0-1: SINGLE (Line Drive, 78M, EV 101.9 MPH) Manny Vizzerra to second
|
|
Batting: RHB D.J. Torres
|
0-0: Ball 1-0: Foul Ball, location: 2F 1-1: Fielders Choice at 2nd, 5-4 (Groundball, 56, EV 80.6 MPH) Manny Vizzerra to third
|
|
Batting: LHB Miguel Torres
|
0-0: Ball 1-0: Hit by Pitch D.J. Torres to second
|
|
Batting: RHB Justin Menotti
|
0-0: Ball 1-0: Ball 2-0: Ball 3-0: Called Strike 3-1: Foul Ball, location: 2F 3-2: Foul Ball, location: 2F 3-2: Base on Balls Manny Vizzerra scores D.J. Torres to third Miguel Torres to second
|
|
Batting: RHB Carlos Martinez
|
0-0: Called Strike 0-1: Hit by Pitch D.J. Torres scores Miguel Torres to third Justin Menotti to second
|
|
Batting: RHB Manny Moron
|
0-0: Fly out, F7 (Flyball, 78S, EV 86.9 MPH)
|
| Bottom of the 2nd over - 2 runs, 1 hit, 0 errors, 3 left on base; Los Angeles (NYP) 2 - Vermont 2 |
| TOP OF THE 3RD |
|
Los Angeles (NYP) Angels batting - Pitching for Vermont Lake Monsters : LHP Kevin Clark
|
|
Batting: RHB T.J. Gray
|
0-0: Reached on error, E5 (Groundball, 56S, EV 87.5 MPH)
|
|
Batting: LHB Mario Anguiano
|
0-0: Called Strike 0-1: Ball 1-1: Foul Ball, location: 2F 1-2: Foul Ball, location: 2F 1-2: Strikes out swinging
|
|
Batting: RHB Josh Faulconer
|
0-0: Called Strike 0-1: Swinging Strike 0-2: Ball T.J. Gray steals 2nd base 1-2: Strikes out looking
|
|
Batting: LHB Mutsuo IIda
|
0-0: Ball 1-0: Swinging Strike 1-1: SINGLE (Groundball, 34D, EV 110.0 MPH) T.J. Gray to third Runner from 3rd tries for Home, SAFE, throw by RF to home
|
|
Batting: RHB Dan Burkhart
|
0-0: Ball Mutsuo IIda steals 2nd base 1-0: Foul Ball, location: 2F 1-1: Ball 2-1: Ball 3-1: Base on Balls
|
|
Batting: RHB J.R. Roberts
|
0-0: Ball 1-0: Called Strike 1-1: Swinging Strike 1-2: Foul Ball, location: 2F 1-2: Fielders Choice at 2nd, 5-4 (Groundball, 56, EV 111.9 MPH)
|
| Top of the 3rd over - 1 run, 1 hit, 1 error, 2 left on base; Los Angeles (NYP) 3 - Vermont 2 |
| BOTTOM OF THE 3RD |
|
Vermont Lake Monsters batting - Pitching for Los Angeles (NYP) Angels : RHP Jeff Shelton
|
|
Batting: LHB Cy Ostrowski
|
0-0: Ball 1-0: Ball 2-0: Foul Ball, location: 2F 2-1: Foul Ball, location: 2F 2-2: Ball 3-2: Ground out 4-3 (Groundball, 4, EV 90.0 MPH)
|
|
Batting: RHB Manny Vizzerra
|
0-0: Foul Ball, location: 2F 0-1: SOLO HOME RUN (Flyball, 7D, EV 98.8 MPH), Distance : 392 ft
|
|
Batting: RHB Edgar Landim
|
0-0: Ball 1-0: Foul Ball, location: 2F 1-1: SINGLE (Groundball, 6MD, EV 106.2 MPH)
|
|
Batting: RHB Bastiaan Leenders
|
0-0: Foul Ball, location: 2F 0-1: Ball 1-1: Ball 2-1: Ball 3-1: Base on Balls Edgar Landim to second
|
|
Batting: RHB D.J. Torres
|
0-0: Ball 1-0: Foul Ball, location: 2F 1-1: Ball 2-1: Fielders Choice at 2nd, 6-4 (Groundball, 6, EV 84.4 MPH) Edgar Landim to third
|
|
Batting: LHB Miguel Torres
|
0-0: Ball 1-0: Called Strike 1-1: 3-RUN HOME RUN (Flyball, 89XD, EV 97.5 MPH), Distance : 404 ft
|
|
Pitching: RHP Adam Hefner
|
|
|
Batting: RHB Justin Menotti
|
0-0: Foul Ball, location: 2F 0-1: Ball 1-1: SINGLE (Groundball, 4MD, EV 105.0 MPH)
|
|
Batting: RHB Carlos Martinez
|
0-0: Ball 1-0: Ball 2-0: Ball 3-0: Called Strike 3-1: Base on Balls Justin Menotti to second
|
|
Batting: RHB Manny Moron
|
0-0: Fly out, F7 (Flyball, 7LS, EV 71.2 MPH)
|
| Bottom of the 3rd over - 4 runs, 4 hits, 0 errors, 2 left on base; Los Angeles (NYP) 3 - Vermont 6 |
| TOP OF THE 4TH |
|
Los Angeles (NYP) Angels batting - Pitching for Vermont Lake Monsters : LHP Kevin Clark
|
|
Batting: RHB Areda Obote
|
0-0: Ball 1-0: Foul Ball, location: 2F 1-1: Ball 2-1: Ball 3-1: Base on Balls
|
|
Pitching: RHP Harry Maurer
|
|
|
Batting: LHB Dave Hicks
|
0-0: Ball 1-0: Ball 2-0: Called Strike 2-1: Called Strike 2-2: Foul Ball, location: 2F 2-2: Ball 3-2: Foul Ball, location: 2F 3-2: Foul Ball, location: 2F 3-2: Foul Ball, location: 2F 3-2: Foul Ball, location: 2F 3-2: Strikes out swinging
|
|
Batting: LHB Alberto Carrillo
|
0-0: Ball 1-0: Ball 2-0: Ball 3-0: Called Strike 3-1: Fly out, F9 (Flyball, 9, EV 81.9 MPH)
|
|
Batting: RHB T.J. Gray
|
0-0: SINGLE (Line Drive, 89S, EV 100.6 MPH) Areda Obote to second Runner from 2nd tries for 3rd, SAFE, throw by RF made to third
|
|
Batting: LHB Mario Anguiano
|
0-0: Swinging Strike 0-1: Hit by Pitch T.J. Gray to second
|
|
Batting: RHB Josh Faulconer
|
0-0: Ball 1-0: Swinging Strike 1-1: Swinging Strike 1-2: Foul Ball, location: 2F 1-2: Ball 2-2: Strikes out swinging
|
| Top of the 4th over - 0 runs, 1 hit, 0 errors, 3 left on base; Los Angeles (NYP) 3 - Vermont 6 |
| BOTTOM OF THE 4TH |
|
Vermont Lake Monsters batting - Pitching for Los Angeles (NYP) Angels : RHP Adam Hefner
|
|
Batting: LHB Cy Ostrowski
|
0-0: Fly out, F7 (Flyball, 7D, EV 90.0 MPH)
|
|
Batting: RHB Manny Vizzerra
|
0-0: Called Strike 0-1: Swinging Strike 0-2: Ball 1-2: Fly out, F8 (Flyball, 8RXD, EV 96.2 MPH)
|
|
Batting: RHB Edgar Landim
|
0-0: Ground out 6-3 (Groundball, 6, EV 86.9 MPH)
|
| Bottom of the 4th over - 0 runs, 0 hits, 0 errors, 0 left on base; Los Angeles (NYP) 3 - Vermont 6 |
| TOP OF THE 5TH |
|
Los Angeles (NYP) Angels batting - Pitching for Vermont Lake Monsters : RHP Harry Maurer
|
|
Batting: LHB Mutsuo IIda
|
0-0: Ground out 6-3 (Groundball, 6, EV 79.4 MPH)
|
|
Batting: RHB Dan Burkhart
|
0-0: SINGLE (Groundball, 56D, EV 96.9 MPH)
|
|
Batting: RHB J.R. Roberts
|
0-0: Swinging Strike 0-1: Fielders Choice at 2nd, 1-6 (Groundball, 13S, EV 70.0 MPH)
|
|
Batting: RHB Areda Obote
|
0-0: Ball 1-0: Ball 2-0: DOUBLE (Groundball, 5L, EV 103.8 MPH) J.R. Roberts to third
|
|
Batting: LHB Dave Hicks
|
0-0: Ball 1-0: Called Strike 1-1: Ball 2-1: Swinging Strike 2-2: Strikes out swinging
|
| Top of the 5th over - 0 runs, 2 hits, 0 errors, 2 left on base; Los Angeles (NYP) 3 - Vermont 6 |
| BOTTOM OF THE 5TH |
|
Vermont Lake Monsters batting - Pitching for Los Angeles (NYP) Angels : RHP Adam Hefner
|
|
Now at SS: Winikeneke Keikemamake
|
|
|
Batting: RHB Bastiaan Leenders
|
0-0: Called Strike 0-1: Ball 1-1: Ground out 3-1 (Groundball, 34, EV 97.5 MPH)
|
|
Batting: RHB D.J. Torres
|
0-0: Called Strike 0-1: Ball 1-1: Ball 2-1: Ball 3-1: Foul Ball, location: 2F 3-2: Foul Ball, location: 2F 3-2: Reached on error, E5 (Groundball, 5, EV 79.4 MPH)
|
|
Batting: LHB Miguel Torres
|
0-0: Called Strike D.J. Torres steals 2nd base 0-1: Ground out U3 (Groundball, 3, EV 87.5 MPH) D.J. Torres to third
|
|
Batting: RHB Justin Menotti
|
0-0: Called Strike 0-1: Swinging Strike 0-2: Ball 1-2: Ground out 6-3 (Groundball, 6, EV 80.6 MPH)
|
| Bottom of the 5th over - 0 runs, 0 hits, 1 error, 1 left on base; Los Angeles (NYP) 3 - Vermont 6 |
| TOP OF THE 6TH |
|
Los Angeles (NYP) Angels batting - Pitching for Vermont Lake Monsters : RHP Harry Maurer
|
|
Batting: LHB Alberto Carrillo
|
0-0: Ground out 3-1 (Groundball, 34, EV 91.2 MPH)
|
|
Batting: RHB T.J. Gray
|
0-0: Swinging Strike 0-1: SINGLE (Groundball, 4M, EV 105.0 MPH) (infield hit)
|
|
Batting: LHB Mario Anguiano
|
0-0: Called Strike 0-1: Foul Ball, location: 2F 0-2: Ball 1-2: Strikes out swinging
|
|
Batting: RHB Josh Faulconer
|
0-0: Ball 1-0: Called Strike 1-1: Foul Ball, location: 2F 1-2: Foul Ball, location: 2F 1-2: Ball T.J. Gray steals 2nd, throwing error, E2 T.J. Gray to third 2-2: Ball 3-2: Strikes out swinging
|
| Top of the 6th over - 0 runs, 1 hit, 1 error, 1 left on base; Los Angeles (NYP) 3 - Vermont 6 |
| BOTTOM OF THE 6TH |
|
Vermont Lake Monsters batting - Pitching for Los Angeles (NYP) Angels : RHP Adam Hefner
|
|
Batting: RHB Carlos Martinez
|
0-0: Ball 1-0: Ball 2-0: Ball 3-0: Base on Balls
|
|
Pitching: RHP Manuel Vega
|
|
|
Batting: RHB Manny Moron
|
0-0: Ball Carlos Martinez steals 2nd base 1-0: Ball 2-0: Ball 3-0: Base on Balls
|
|
Batting: LHB Cy Ostrowski
|
0-0: SINGLE (Line Drive, 8RS, EV 103.1 MPH) Carlos Martinez to third Manny Moron to second Runner from 3rd tries for Home, SAFE, throw by CF to home
|
|
Batting: RHB Manny Vizzerra
|
0-0: Foul Ball, location: 2F 0-1: Ball Manny Moron steals 3rd base Cy Ostrowski to second 1-1: Foul Ball, location: 2F 1-2: Strikes out swinging
|
|
Batting: RHB Edgar Landim
|
0-0: Called Strike 0-1: Ball 1-1: Ball 2-1: SINGLE (Groundball, 3D, EV 110.0 MPH) Manny Moron scores Cy Ostrowski to third Runner from 3rd tries for Home, SAFE, throw by RF to home Edgar Landim to second
|
|
Batting: RHB Bastiaan Leenders
|
0-0: Called Strike 0-1: Ball 1-1: Ball 2-1: Called Strike 2-2: Strikes out swinging
|
|
Batting: RHB D.J. Torres
|
0-0: Ball 1-0: Ground out 1-3 (Groundball, 15S, EV 70.6 MPH)
|
| Bottom of the 6th over - 3 runs, 2 hits, 0 errors, 1 left on base; Los Angeles (NYP) 3 - Vermont 9 |
| TOP OF THE 7TH |
|
Los Angeles (NYP) Angels batting - Pitching for Vermont Lake Monsters : RHP Harry Maurer
|
|
Batting: LHB Mutsuo IIda
|
0-0: Swinging Strike 0-1: Ball 1-1: Fly out, F8 (Flyball, 8RD, EV 83.8 MPH)
|
|
Batting: SHB Winikeneke Keikemamake
|
0-0: Foul Ball, location: 2F 0-1: Called Strike 0-2: Ball 1-2: Strikes out swinging
|
|
Batting: RHB J.R. Roberts
|
0-0: Called Strike 0-1: Ball 1-1: Ground out 5-3 (Groundball, 56S, EV 70.0 MPH)
|
| Top of the 7th over - 0 runs, 0 hits, 0 errors, 0 left on base; Los Angeles (NYP) 3 - Vermont 9 |
| BOTTOM OF THE 7TH |
|
Vermont Lake Monsters batting - Pitching for Los Angeles (NYP) Angels : RHP Manuel Vega
|
|
Batting: LHB Miguel Torres
|
0-0: Swinging Strike 0-1: Fly out, F6 (Popup, 6M, EV 78.8 MPH)
|
|
Batting: RHB Justin Menotti
|
0-0: Swinging Strike 0-1: Ball 1-1: Called Strike 1-2: Ground out U3 (Groundball, 34S, EV 83.8 MPH)
|
|
Batting: RHB Carlos Martinez
|
0-0: Swinging Strike 0-1: Swinging Strike 0-2: Strikes out swinging
|
| Bottom of the 7th over - 0 runs, 0 hits, 0 errors, 0 left on base; Los Angeles (NYP) 3 - Vermont 9 |
| TOP OF THE 8TH |
|
Los Angeles (NYP) Angels batting - Pitching for Vermont Lake Monsters : RHP Harry Maurer
|
|
Batting: RHB Areda Obote
|
0-0: Called Strike 0-1: Fly out, F9 (Flyball, 89M, EV 84.4 MPH)
|
|
Batting: LHB Dave Hicks
|
0-0: Ball 1-0: Ball 2-0: Fly out, F7 (Flyball, 7LSF, EV 86.9 MPH)
|
|
Batting: LHB Alberto Carrillo
|
0-0: Ball 1-0: Ball 2-0: Ball 3-0: Called Strike 3-1: Called Strike 3-2: Base on Balls
|
|
Batting: RHB T.J. Gray
|
0-0: Called Strike 0-1: Swinging Strike 0-2: Ground out 5-3 (Groundball, 56S, EV 68.8 MPH)
|
| Top of the 8th over - 0 runs, 0 hits, 0 errors, 1 left on base; Los Angeles (NYP) 3 - Vermont 9 |
| BOTTOM OF THE 8TH |
|
Vermont Lake Monsters batting - Pitching for Los Angeles (NYP) Angels : RHP Manuel Vega
|
|
Batting: RHB Manny Moron
|
0-0: Ground out 5-3 (Groundball, 56S, EV 86.9 MPH)
|
|
Batting: LHB Cy Ostrowski
|
0-0: Ball 1-0: Ball 2-0: Ground out U3 (Groundball, 3, EV 80.6 MPH)
|
|
Batting: RHB Manny Vizzerra
|
0-0: Called Strike 0-1: Ball 1-1: Foul Ball, location: 2F 1-2: Strikes out swinging
|
| Bottom of the 8th over - 0 runs, 0 hits, 0 errors, 0 left on base; Los Angeles (NYP) 3 - Vermont 9 |
| TOP OF THE 9TH |
|
Los Angeles (NYP) Angels batting - Pitching for Vermont Lake Monsters : RHP Harry Maurer
|
|
Batting: LHB Mario Anguiano
|
0-0: Called Strike 0-1: SINGLE (Groundball, 4D, EV 106.2 MPH)
|
|
Pitching: RHP Matt Constantino
|
|
|
Batting: RHB Josh Faulconer
|
0-0: Called Strike 0-1: Foul Ball, location: 2F 0-2: Foul Ball, location: 2F 0-2: Ball 1-2: Ball 2-2: Strikes out swinging
|
|
Batting: LHB Mutsuo IIda
|
0-0: Ball 1-0: Ball 2-0: Ball 3-0: Base on Balls Mario Anguiano to second
|
|
Batting: SHB Winikeneke Keikemamake
|
0-0: DOUBLE (Flyball, 78D, EV 91.9 MPH) Mario Anguiano scores Mutsuo IIda to third
|
|
Pinch Hitting: LHB Jonathon Walton
|
0-0: Ball 1-0: Called Strike 1-1: Swinging Strike 1-2: Foul Ball, location: 2F 1-2: Foul Ball, location: 2F 1-2: Strikes out looking
|
|
Batting: RHB Areda Obote
|
0-0: Ground out 6-3 (Groundball, 6, EV 81.2 MPH)
|
| Top of the 9th over - 1 run, 2 hits, 0 errors, 2 left on base; Los Angeles (NYP) 4 - Vermont 9 |
|